 Dungeon Crawl Stone Soup version 0.27-a0-906-g0a00ce863d (webtiles) character file.

Game seed: 3669695922541389398

54 robertstho the Magician (level 3, -1/26 HPs)
             Began as a Djinni Ice Elementalist on Apr 7, 2021.
             Slain by a white imp (3 damage)
             ... summoned by Natasha
             ... on level 3 of the Dungeon.
             The game lasted 00:02:24 (2159 turns).

robertstho the Magician (Djinni Ice Elementalist)   Turns: 2159, Time: 00:02:25

Health: -1/26      AC:  2    Str:  7    XL:     3   Next: 91%
Gold:   26         EV: 12    Int: 17    God:
                   SH:  0    Dex: 13

rFire    + + .     SeeInvis .   c - +0 dagger
rCold    x . .     Faith    .   (no shield)
rNeg     . . .     Spirit   .   a - +0 robe
rPois    ∞         Reflect  .   (no helmet)
rElec    .         Harm     .   (no cloak)
rCorr    .         Rampage  .   (no gloves)
Will     .....                  (boots unavailable)
Stlth    +.........             (no amulet)
HPRegen  0.08/turn              (no ring)
MPRegen  0.00/turn              (no ring)

@: confused, ambrosia-drunk, flying
A: fire resistance 2, cold vulnerability 1, float, innate caster, hp casting,
extra vitality 1
a: no special abilities


You were on level 3 of the Dungeon.
You visited 1 branch of the dungeon, and saw 3 of its levels.

You collected 26 gold pieces.

Inventory:

Hand Weapons
 c - a +0 dagger (weapon)
Armour
 a - a +0 robe (worn)
Scrolls
 b - a scroll of amnesia {unknown}
 f - a scroll of acquirement {unknown}
 g - 3 scrolls of fear {unknown}
 i - a scroll of identify {unknown}
 k - a scroll of summoning {unknown}
Potions
 e - a potion of degeneration {unknown}
 h - a potion of flight {unknown}
 j - a potion of resistance {unknown}


   Skills:
 * Level 0.4 Fighting
 + Level 0.3 Short Blades
 + Level 2.4 Dodging
 + Level 1.8 Stealth
 * Level 4.4 Spellcasting


You couldn't memorise any spells.
You knew the following spells:

 Your Spells              Type           Power      Damage    Failure   Level
a - Freeze                Ice            72%        1d9       2%          1
b - Frozen Ramparts       Ice            36%        1d5       8%          3
c - Ozocubu's Armour      Ice            18%        N/A       8%          3
d - Hailstorm             Conj/Ice       18%        3d6       24%         4
e - Summon Ice Beast      Ice/Summ       18%        N/A       24%         4
f - Foxfire               Conj/Fire      72%        2x1d7     2%          1
Your spell library was empty.

Dungeon Overview and Level Annotations

Branches:
Dungeon (3/15)

Altars:

Annotations:
D:3 Natasha


Innate Abilities, Weirdness & Mutations

You are immune to poison.
Your flesh is very heat resistant. (rF++)
You are vulnerable to cold. (rC-)
You float through the air rather than walking.
You learn spells naturally, not from books.
Your magical power is your life essence.
You have superior vitality. (+4 HP)


Message History

The hobgoblin hits you but does no damage.
Unknown command.
Casting: Freeze (safe; 2% risk of failure)
Confirm with . or Enter, or press ? or * to list all spells.
Aiming: Freeze (safe; 2% risk of failure)
Press: ? - help, Shift-Dir - straight line, f/p - hobgoblin
Aim: a hobgoblin (moderately wounded)
You freeze the hobgoblin!
You kill the hobgoblin!
Unknown command.
Things that are here:
a +0 dagger; a frilled lizard corpse; a goblin corpse
h - an orange potion A kobold comes into view.
It is wielding a +0 club.
You are sucked into a shaft and drop 1 floor!
The shaft crumbles and collapses.
Found a robe.
Found a stone staircase leading down.
i - a scroll labelled ARICSE WALUBEU
j - an amethyst potion Natasha, Servant of Life and Death comes into view.
Natasha hisses angrily.
Natasha is nearby!
Natasha is nearby!
Natasha is nearby!
Natasha is nearby!
Natasha mumbles some strange words.
Found a stone staircase leading up.
You see here a scroll labelled EJAIKHL JAIGRI.
k - a scroll labelled EJAIKHL JAIGRI Natasha claws you!
The white imp gestures at you. The puff of frost hits you!!
You feel a terrible chill!
Ouch! That really hurt!
* * * LOW HITPOINT WARNING * * *
It was a potion of ambrosia.
You are confused.
You feel invigorated. Natasha completely misses you. The white imp hits you.
* * * LOW HITPOINT WARNING * * *
The white imp freezes you.
You feel a terrible chill!
You die...

#####.#####.##
#.............
#.###.###..##.
#.# # #.# #.#
.#
.######.###..##
.......5.......
..#####@.......
#h#.#..##
#..#.....
#......##
.........
###.#.### ...#
<..#


You could see Natasha and a white imp (summoned).

Vanquished Creatures
  A gnoll (D:1)
  A dart slug (D:1)
  3 bats (D:1)
  4 endoplasms
  7 goblins
  5 hobgoblins
  2 quokkas (D:1)
  4 ball pythons (D:1)
  4 frilled lizards
  3 kobolds (D:1)
  4 rats
38 creatures vanquished.

Vanquished Creatures (others)
  4 toadstools (D:1)
4 creatures vanquished.

Grand Total: 42 creatures vanquished

Notes
Turn   | Place    | Note
-------+----------+-------------------------------------------
     0 | D:1      | robertstho the Djinni Ice Elementalist began the quest for
                  | the Orb.
     0 | D:1      | Reached XP level 1. HP: 15/15 MP: 0/0
   166 | D:1      | Reached XP level 2. HP: 8/21 MP: 0/0
   422 | D:1      | Reached skill level 4 in Spellcasting
  1367 | D:1      | Found a faded altar of an unknown god.
  1406 | D:1      | Reached XP level 3. HP: 24/25 MP: 0/0
  1406 | D:1      | Learned a level 1 spell: Foxfire
  2116 | D:2      | You are sucked into a shaft and drop 1 floor!
  2154 | D:3      | Noticed Natasha
  2158 | D:3      | HP: 1/26 [white imp/puff of frost[Natasha] (18)]
  2159 | D:3      | Slain by a white imp

Illustrated notes

Levels and vault maps discovered:
D:1:      ldierk_water_garden, layout_basic, basic_ecumenical_altar
D:2:      layout_basic
D:3:      layout_loops_ring, serial_shops, shop_fountains, minmay_crystal_water,
          uniq_natasha

Skill      XL: |  1  2 |
---------------+-------+-----
Spellcasting   | 4 |  4.4
Fighting       | |  0.4
Short Blades   | |  0.3
Dodging        | |  2.4
Stealth        | |  1.8

Action                   || total
-------------------------++-------
Melee: Dagger            ||    50
       Unarmed           ||     1
 Cast: Freeze            ||    38
       Frozen Ramparts   ||     2
  Use: Potion            ||     1
 Stab: Sleeping          ||     5
Armor: Robe              ||    16
Dodge: Dodged            ||    49

Table legend: (Time is in decaauts)
 A = Elapsed time spent in this place.
 B = Non-inter-level travel time spent in this place.
 C = Inter-level travel time spent in this place.
 D = Time resting spent in this place.
 E = Time spent auto-exploring this place.
 F = Levels seen in this place.
 G = Mean time per level.
                   A        B        C        D        E       F      G
               +--------+--------+--------+--------+--------+-----+--------+
         Total |   2158 |   2098 |     60 |    687 |   1169 |   3 |  719.3 |
       Dungeon |   2158 |   2098 |     60 |    687 |   1169 |   3 |  719.3 |
               +--------+--------+--------+--------+--------+-----+--------+

Top non-repeatable levels by time:
     D:1: 1812 daAuts
     D:2: 303 daAuts
     D:3: 42 daAuts
